Map: Stasis LE

Players

Odin - Winner!

  • Race: Protoss Protoss
  • League: Gold
  • Spawn Location: 1:00

keyser

  • Race: Terran Terran
  • League: Gold
  • Spawn Location: 11:00

VOD

Have the link to the VOD?

Description

Time

  • Played on: Dec. 11, 2018, 5:06 a.m.
  • Length: 7:18
Show
View Real Time Build Order
Export as new Build Order

Odin Protoss - Winner!

Build Orders: Oracle Opening 

Get SALT Encoding   

  12  0:03  Probe  
  13  0:15  Pylon  
  13  0:16  Probe  
  14  0:37  Probe, Gateway  
  15  0:48  Assimilator  
  15  0:49  Probe  
  16  1:01  Probe  
  16  1:13  Probe  
  17  1:20  Pylon  
  17  1:24  Assimilator  
  17  1:25  Probe  
  18  1:33  Cybernetics Core  
  18  1:38  Probe  
  19  1:50  Probe  
  20  1:59  Warp Gate  
  20  2:00  Gateway  
  20  2:02  Probe  
  21  2:14  Probe  
  22  2:24  Stargate  
  22  2:26  Probe  
  22  2:29  Adept  
  22  3:09  Oracle  
  22  3:10  Probe  
  26  3:18  Adept x2  
  30  3:34  Nexus, Pylon  
  30  3:52  Probe  
  30  3:54  Oracle  
  34  4:29  Stargate  
  34  4:36  Fleet Beacon  
  34  4:46  Probe x2  
  36  4:58  Probe  
  37  5:32  Tempest  
  42  5:36  Tempest  
  42  5:42  Assimilator  
  47  5:46  Assimilator  
  47  6:00  Twilight Council  
  47  6:05  Probe x2  
  47  6:09  Stalker  
  49  6:17  Probe  
  50  6:34  Probe x2  
  52  6:46  Probe  
Show
View Real Time Build Order
Export as new Build Order

keyser Terran 

Build Orders: Reaper Expand 

Get SALT Encoding   

  12  0:01  SCV  
  13  0:17  SCV  
  14  0:29  SCV, Supply Depot  
  15  0:42  Refinery  
  15  0:51  SCV  
  15  0:53  Barracks  
  16  0:58  Supply Depot  
  16  1:03  SCV  
  17  1:16  SCV  
  18  1:29  SCV  
  19  1:41  Orbital Command  
  19  1:45  Reaper  
  20  1:57  Refinery  
  20  2:09  Command Center  
  20  2:22  SCV  
  21  2:24  Marine  
  22  2:34  SCV  
  23  2:42  Marine  
  24  2:46  Factory, SCV  
  25  3:10  Marine  
  25  3:19  Engineering Bay  
  25  3:22  Orbital Command  
  25  3:32  Factory Tech Lab  
  25  3:36  Engineering Bay  
  25  3:37  SCV  
  25  3:39  Marine  
  27  3:42  Orbital Command  
  27  3:50  Starport  
  27  3:56  Cyclone  
  27  3:57  Marine  
  27  4:02  Missile Turret  
  28  4:19  Liberator  
  28  4:23  Marine  
  29  4:35  Siege Tank  
  35  4:43  SCV x2  
  37  4:55  SCV x2  
  37  4:58  Bunker  
  39  5:02  Barracks Reactor  
  39  5:07  Factory, SCV x2  
  39  5:10  Cyclone  
  44  5:19  SCV  
  41  5:33  Missile Turret, SCV  
  41  5:35  Refinery  
  42  5:39  Refinery  
  42  5:41  Supply Depot  
  42  5:45  SCV  
  42  5:48  Supply Depot, Starport Tech Lab  
  43  6:23  Raven  
  45  6:29  Starport  
  45  6:31  Armory  
  45  6:34  SCV x2  
  47  6:40  Factory Tech Lab  
  47  6:46  SCV x2  
  48  7:06  Starport Reactor  
Tags
 
Add a new tag
Caveats
  • Supply blocks, unpowered buildings, or Contaminate may cause inaccurate times.
  • Supply counts are checked every 10 seconds.